 Dungeon Crawl Stone Soup version 0.20.1-1-g8b1a95d (webtiles) character file.

1554 dohliylev the Covert (level 8, -4/62 HPs)
             Began as a Vampire Enchanter on Dec 25, 2017.
             Slain by an ogre
             ... wielding a +0 giant spiked club
              (26 damage)
             ... on level 6 of the Dungeon.
             The game lasted 00:25:43 (8210 turns).

dohliylev the Covert (Vampire Enchanter)            Turns: 8210, Time: 00:25:43

Health: -4/62      AC:  2    Str:  7    XL:     8   Next: 57%
Magic:  2/11       EV: 14    Int: 19    God:
Gold:   297        SH:  3    Dex: 15    Spells: 5/11 levels left

rFire    . . .     SeeInvis +   a - +1 dagger
rCold    + + .     Gourm    .   j - +0 buckler
rNeg     + + +     Faith    .   b - +0 robe
rPois    ∞         Spirit   .   (no helmet)
rElec    .         Reflect  .   (no cloak)
rCorr    .         Harm     .   (no gloves)
MR       .....                  (no boots)
Stlth    +++++.....             (no amulet)
Regen    0.0/turn               t - ring of wizardry
MPRegen  0.2/turn               (no ring)

@: bloodless, non-regenerating, heavily drained
A: fangs 3, see invisible, unbreathing
a: Bat Form


You were on level 6 of the Dungeon.
You were bloodless.

You visited 1 branch of the dungeon, and saw 6 of its levels.

You collected 297 gold pieces.

Inventory:

Hand Weapons
 a - a +1 dagger (weapon)
Armour
 b - a +0 robe (worn)
 j - a +0 buckler (worn)
Jewellery
 t - a ring of wizardry (left hand)
Wands
 s - a wand of flame (25/48)
Scrolls
 f - a scroll of identify
 i - 6 scrolls of teleportation
 k - a scroll of enchant armour
 l - a scroll of fog
 m - a scroll of recharging {unknown}
 v - a scroll of blinking
Potions
 c - a potion of cancellation {unknown}
 e - 3 potions of curing
 h - a potion of heal wounds
 n - a potion of might {unknown}
 o - 3 potions of haste {unknown}
 p - a potion of resistance {unknown}
 q - a potion of invisibility {unknown}
 u - 2 potions of lignification {unknown}


   Skills:
 - Level 5.0(3.4) Fighting
 - Level 5.0(3.4) Short Blades
 + Level 7.3(5.5) Dodging
 - Level 8.0(6.2) Stealth
 - Level 2.0(0.5) Spellcasting
 - Level 5.0(3.3) Hexes


You had 5 spell levels left.
You knew the following spells:

 Your Spells              Type           Power        Failure   Level  Hunger
a - Corona                Hex            ##.....      3%          1    ##.....
b - Ensorcelled Hibernat  Hex/Ice        #.....       11%         2    ###....
c - Confuse               Hex            ##......     10%         3    ####...


Dungeon Overview and Level Annotations

Branches:
Dungeon (6/15)
 Temple: D:4-7

Altars:
Trog

Shops:
D:4 (


Innate Abilities, Weirdness & Mutations

You do not heal naturally.
You are immune to poison.
You have razor-sharp teeth.
You have supernaturally acute eyesight. (SInv)
You can survive without breathing.


Message History

The ogre easily resists.
Casting: Ensorcelled Hibernation
Confirm with . or Enter, or press ? or * to list all spells.
Aiming: Ensorcelled Hibernation
Press: ? - help, Shift-Dir - straight line, f/p - ogre
Aim: an ogre, wielding a giant spiked club (chance to defeat MR: 37%)
The ogre easily resists.
The ogre hits you with a giant spiked club.
You hit the ogre.
The ogre is lightly wounded.
The ogre barely misses you.
You hit the ogre but do no damage.
The ogre is lightly wounded.
You hit the ogre but do no damage.
The ogre is lightly wounded.
The ogre closely misses you.
You barely miss the ogre.
The ogre is lightly wounded.
The ogre hits you with a giant spiked club!!
You die...

#####+# #.....#
#....# #.."#
#..@# .. #..O#
...
#...########....
###.............
#.......<.....
##............
#............
#........#...
..............


You could see an ogre.

Vanquished Creatures
  A sky beast (D:5)
  An ice beast (D:5)
  A phantom (D:4)
  2 ogres
  2 centaurs (D:5)
  A water moccasin zombie (D:4)
  2 bullfrog zombies
  A howler monkey (D:5)
  2 crimson imps (D:5)
  3 centaur skeletons (D:4)
  3 orc priests
  A hound (D:5)
  A bullfrog skeleton (D:6)
  3 orc wizards
  An iguana (D:4)
  3 worker ants
  Natasha (twice) (D:2)
  A hound zombie (D:4)
  A hound skeleton (D:5)
  A howler monkey zombie (D:5)
  4 worker ant zombies
  4 gnolls (D:5)
  3 adders
  4 adder skeletons
  An adder zombie (D:4)
  A worm (D:5)
  2 dart slugs
  4 leopard geckos
  11 orcs
  A giant cockroach (D:3)
  5 goblins
  A hobgoblin (D:3)
  6 jackals
  6 quokkas
  2 bats
  7 frilled lizards
  A jackal zombie (D:5)
  4 kobolds
  2 leopard gecko zombies (D:4)
  3 quokka zombies (D:4)
  8 rats
113 creatures vanquished.

Notes
Turn   | Place    | Note
-------+----------+-------------------------------------------
     0 | D:1      | dohliylev the Vampire Enchanter began the quest for the Orb.
     0 | D:1      | Reached XP level 1. HP: 13/13 MP: 3/3
   406 | D:1      | Reached skill level 5 in Stealth
   450 | D:1      | Reached XP level 2. HP: 17/19 MP: 3/5
   454 | D:1      | Learned a level 2 spell: Ensorcelled Hibernation
   880 | D:2      | Noticed Natasha
   888 | D:2      | Killed Natasha
   888 | D:2      | Reached skill level 6 in Stealth
   888 | D:2      | Reached XP level 3. HP: 15/24 MP: 3/6
  1154 | D:2      | Reached skill level 7 in Stealth
  1408 | D:2      | Noticed Natasha
  2021 | D:2      | Killed Natasha
  2021 | D:2      | Reached skill level 8 in Stealth
  2021 | D:2      | Reached XP level 4. HP: 30/30 MP: 4/7
  2915 | D:3      | Found a bloodstained altar of Trog.
  2921 | D:3      | Reached skill level 5 in Hexes
  3014 | D:4      | Learned a level 3 spell: Confuse
  3188 | D:4      | Reached XP level 5. HP: 35/35 MP: 5/8
  3434 | D:4      | Reached XP level 6. HP: 34/41 MP: 9/9
  3508 | D:4      | HP: 2/41 [iguana (12)]
  3533 | D:5      | Entered Level 5 of the Dungeon
  3983 | D:4      | Reached skill level 5 in Short Blades
  4091 | D:4      | Reached skill level 1 in Fighting
  4326 | D:5      | Noticed a sky beast
  4331 | D:5      | Killed a sky beast
  4374 | D:5      | Reached XP level 7. HP: 51/51 MP: 4/10
  4802 | D:4      | Reached skill level 5 in Fighting
  5121 | D:4      | Found Suiriwu's Weapon Boutique.
  5493 | D:5      | Reached XP level 8. HP: 56/62 MP: 6/11
  5816 | D:5      | Reached skill level 5 in Dodging
  8210 | D:6      | Slain by an ogre

Skill      XL: |  1  2  3  4  5  6  7  8 |
---------------+-------------------------+-----
Stealth        | 5 6 8 |  8.0
Hexes          | 5 |  5.0
Short Blades   | 2 4 5 |  5.0
Fighting       | 2 5 |  5.0
Dodging        | 4 7 |  7.3
Spellcasting   | |  2.0

Action                   |  1- 3 |  4- 6 |  7- 9 || total
-------------------------+-------+-------+-------++-------
Melee: Dagger            |    66 |    91 |   171 ||   328
       Bite              |     4 |     9 |    20 ||    33
 Cast: Corona            |     5 |     2 |     2 ||     9
       Ensorcelled Hiber |    19 |    20 |    59 ||    98
       Confuse           |       |    12 |    11 ||    23
 Abil: End Transformatio |       |     2 |     1 ||     3
       Bat Form          |       |     2 |     1 ||     3
  Use: Potion            |     2 |     6 |     6 ||    14
       Scroll            |       |       |     6 ||     6
 Stab: Sleeping          |    17 |    27 |    32 ||    76
       Confused          |       |     7 |     5 ||    12
  Eat: Corpse            |     3 |     3 |     9 ||    15
Armor: Robe              |     8 |     5 |    13 ||    26
Dodge: Dodged            |    29 |    19 |    60 ||   108
Block: Buckler           |       |     3 |    13 ||    16
